 Dungeon Crawl Stone Soup version 0.31-a0-1074-g0b22e4e0f1 (webtiles) character file.

Game seed: 650067913068829155

20 bmb222 the Ducker (level 2, 0/23 HPs)
             Began as a Demonspawn Gladiator on Dec 4, 2023.
             Constricted to death by a ball python (1 damage)
             ... on level 1 of the Dungeon.
             The game lasted 00:00:31 (378 turns).

bmb222 the Ducker (Demonspawn Gladiator)             Turns: 378, Time: 00:00:32

Health: 0/23       AC:  5    Str: 14    XL:     2   Next: 58%
Magic:  2/2        EV:  9    Int:  9    God:
Gold:   44         SH:  0    Dex: 14    Spells: 1/1 levels left

rFire   . . .        a - +0 rapier
rCold   . . .        (no shield)
rNeg    . . .        b - +0 leather armour
rPois   .            f - +2 hat
rElec   .            (no cloak)
rCorr   .            (no gloves)
SInv    .            (no boots)
Will    .....        (no amulet)
Stlth   +            (no ring)
HPRegen 0.23/turn    (no ring)
MPRegen 0.08/turn

%: no passive effects
@: constricted
A: antennae 1
a: no special abilities


You were on level 1 of the Dungeon.
You visited 1 branch of the dungeon, and saw 1 of its levels.

You collected 44 gold pieces.

Inventory:

Hand Weapons
 a - a +0 rapier (weapon)
Missiles
 d - 3 throwing nets (quivered)
 e - 7 javelins
Armour
 b - a +0 leather armour (worn)
 c - a +0 helmet
 f - a +2 hat (worn)
Potions
 g - a potion of curing {unknown}
 h - a potion of resistance {unknown}


   Skills:
 + Level 2.3 Fighting
 + Level 2.8 Short Blades
 + Level 1.8 Throwing
 + Level 3.2 Dodging


You had one spell level left.
You didn't know any spells.
Your spell library contained the following spells:

 Spells                   Type           Power      Damage    Failure   Level
 Blink                    Tloc           0%         N/A       61%         2
 Lesser Beckoning         Tloc           0%         N/A       61%         2
 Momentum Strike          Conj/Tloc      0%         3d8       61%         2


Dungeon Overview and Level Annotations

Branches:
Dungeon (1/15)

Altars:


Innate Abilities, Weirdness & Mutations

You have a pair of small antennae on your head.


Message History

The ball python constricts you. The hobgoblin barely misses you.
The rat misses you. The ball python closely misses you.
The bat barely misses you. The ball python bites you.
The ball python constricts you. The hobgoblin barely misses you.
The rat bites you but does no damage. The ball python closely misses you.
The bat hits you. The bat barely misses you.
The ball python bites you but does no damage.
The ball python constricts you. The hobgoblin barely misses you.
The rat misses you.
The ball python bites you but does no damage.
The bat closely misses you. The ball python bites you.
The ball python constricts you. The bat closely misses you.
The ball python bites you. The hobgoblin closely misses you.
The rat bites you but does no damage. The ball python completely misses you.
The ball python constricts you.
The ball python bites you but does no damage.
The hobgoblin closely misses you.
The ball python bites you but does no damage.
The ball python constricts you. The rat bites you. The bat hits you.
The ball python bites you.
* * * LOW HITPOINT WARNING * * *
The ball python barely misses you. The ball python constricts you.
* * * LOW HITPOINT WARNING * * *
The hobgoblin barely misses you. The rat bites you but does no damage.
The bat barely misses you. The ball python closely misses you.
The ball python bites you.
* * * LOW HITPOINT WARNING * * *
The ball python constricts you.
* * * LOW HITPOINT WARNING * * *
The hobgoblin barely misses you. The rat closely misses you.
The ball python barely misses you. The bat barely misses you.
The ball python barely misses you. The ball python constricts you.
* * * LOW HITPOINT WARNING * * *
The hobgoblin misses you. The rat barely misses you.
The ball python barely misses you. The bat closely misses you.
The ball python completely misses you. The ball python constricts you.
You die...

##..##########..### .. #..##
#.†#####. ..###########†###....
.....................
#############.##..###
#####..##.##### #.....###.....#..
#### #.######..g......
...#####.#####.b@r......
#.............).SS......
#..########..########...
#.#'......####.... ..
#.#........##.... ##
#.#...##...##... #.
#.#..####..##..# . #.
#.#..####..##..## .. #.
#.#)..##...##...##...###########.


You could see a hobgoblin, a bat, 2 ball pythons and a rat.

Vanquished Creatures
  2 bats (D:1)
  2 giant cockroaches (D:1)
  2 goblins (D:1)
  A hobgoblin (D:1)
  2 kobolds (D:1)
  2 quokkas (D:1)
  4 ball pythons (D:1)
  A rat (D:1)
16 creatures vanquished.

Notes
Turn   | Place    | Note
-------+----------+-------------------------------------------
     0 | D:1      | bmb222 the Demonspawn Gladiator began the quest for the
                  | Orb.
     0 | D:1      | Reached XP level 1. HP: 16/16 MP: 1/1
    59 | D:1      | Reached skill level 3 in Dodging
   130 | D:1      | Gained mutation: You have a pair of small antennae on your
                  | head. [demonic ancestry]
   130 | D:1      | Reached XP level 2. HP: 20/22 MP: 2/2
   377 | D:1      | HP: 1/23 [constriction (1)]
   378 | D:1      | Constricted to death by a ball python

Illustrated notes

Levels and vault maps discovered:
D:1:      minmay_arrival_four_loops, layout_rooms,
          dreamdust_ecumenical_altar_angels_and_demons

Skill      XL: |  1 |
---------------+----+-----
Dodging        | 3 |  3.2
Fighting       | |  2.3
Short Blades   | |  2.8
Throwing       | |  1.8

Action                     || total
---------------------------++-------
  Melee: Rapier            ||    38
 Armour: Leather armour    ||    44
  Dodge: Dodged            ||    60

Table legend: (Time is in decaauts)
 A = Elapsed time spent in this place.
 B = Non-inter-level travel time spent in this place.
 C = Inter-level travel time spent in this place.
 D = Time resting spent in this place.
 E = Time spent auto-exploring this place.
 F = Levels seen in this place.
 G = Mean time per level.
                   A        B        C        D        E       F      G
               +--------+--------+--------+--------+--------+-----+--------+
         Total |    380 |    380 |      0 |      0 |    272 |   1 |  380.0 |
       Dungeon |    380 |    380 |      0 |      0 |    272 |   1 |  380.0 |
               +--------+--------+--------+--------+--------+-----+--------+

Top non-repeatable levels by time:
     D:1: 380 daAuts
